Map: Catalyst LE

Players

Alexander - Winner!

  • Race: Zerg Zerg
  • Spawn Location: 5:00

VOD

Have the link to the VOD?

Description

Time

  • Played on: May 15, 2018, 2:11 p.m.
  • Length: 11:36
Show
View Real Time Build Order
Export as new Build Order

Alexander Zerg - Winner!

Build Orders: Hatch First, Lurkers 

Get SALT Encoding   

  12  0:02  Drone  
  12  0:18  Overlord  
  12  0:19  Drone  
  12  0:36  Drone  
  12  0:37  Drone  
  12  0:40  Drone  
  12  0:56  Drone  
  12  0:57  Hatchery  
  12  1:03  Drone  
  12  1:09  Extractor  
  12  1:16  Spawning Pool  
  12  1:18  Drone  
  12  1:23  Drone  
  12  1:34  Drone  
  12  1:46  Drone  
  12  1:57  Overlord  
  12  2:11  Queen x2  
  12  2:12  Zergling x4  
  12  2:16  Metabolic Boost  
  12  2:19  Drone  
  12  2:28  Drone x2  
  12  2:33  Drone  
  12  2:42  Drone  
  12  2:47  Overlord  
  12  2:49  Hatchery  
  12  2:53  Drone  
  12  2:57  Drone  
  12  2:59  Pneumatized Carapace  
  12  3:05  Queen  
  12  3:08  Drone  
  12  3:12  Drone  
  12  3:14  Drone x2  
  12  3:23  Drone x2  
  12  3:24  Drone x2  
  12  3:28  Overlord  
  12  3:33  Drone x2  
  12  3:50  Drone x2  
  12  3:51  Extractor  
  12  3:59  Roach Warren, Evolution Chamber  
  12  4:00  Drone x3  
  12  4:03  Overlord x2  
  12  4:05  Queen  
  12  4:12  Spore Crawler  
  12  4:15  Spore Crawler  
  12  4:16  Drone x2  
  12  4:17  Drone  
  12  4:26  Zerg Missile Weapons Level 1  
  12  4:29  Lair  
  12  4:36  Spore Crawler  
  12  4:38  Overlord x2  
  12  4:40  Drone x4  
  12  4:41  Drone  
  12  4:43  Roach  
  12  4:47  Roach  
  12  4:49  Roach  
  12  4:50  Roach  
  12  4:57  Roach  
  12  5:01  Roach  
  12  5:03  Roach  
  12  5:05  Drone x3  
  12  5:08  Roach  
  12  5:10  Drone x2  
  12  5:21  Drone x3  
  12  5:22  Drone x4  
  12  5:30  Hydralisk Den  
  12  5:35  Drone x3  
  12  5:36  Extractor x2, Drone x3  
  12  5:39  Extractor  
  12  5:43  Extractor  
  12  5:49  Drone x2  
  12  5:50  Drone  
  12  5:52  Drone x3  
  12  5:56  Drone x2  
  12  5:58  Overlord x3  
  12  6:00  Muscular Augments  
  12  6:13  Overlord x2  
  12  6:20  Lurker Den  
  12  6:25  Drone x3  
  12  6:26  Overlord x2  
  12  6:28  Zerg Missile Weapons Level 2  
  12  6:29  Zergling x12  
  12  6:30  Zergling x2  
  12  6:44  Hatchery  
  12  6:45  Hydralisk x5  
  12  6:47  Zergling x4  
  12  6:48  Zergling x4  
  12  7:06  Hydralisk x7  
  12  7:09  Zergling x8  
  12  7:10  Zergling x2  
  12  7:12  Grooved Spines  
  12  7:26  Hydralisk  
  12  7:27  Hydralisk x5, Zergling x2  
  12  7:39  Hydralisk  
  12  7:42  Overlord x3  
  12  7:43  Overlord  
  12  7:54  Overlord x2  
  12  7:55  Overlord  
  12  7:58  Lurker  
  12  7:59  Lurker x3  
  12  8:06  Zergling x14  
  12  8:10  Lurker  
  12  8:11  Lurker  
  12  8:15  Zergling x8  
  12  8:31  Roach x3  
  12  8:32  Roach x2  
  12  9:09  Lurker x6  
  12  9:11  Zergling x18  
  12  9:12  Zergling x6  
  12  9:46  Hydralisk x4  
  12  10:31  Drone  
  12  10:43  Roach Warren  
  12  11:12  Hatchery  
Tags
 
Composition
Lurkers
Race
Zerg
Add a new tag
Caveats
  • Supply blocks, unpowered buildings, or Contaminate may cause inaccurate times.
  • Supply counts are checked every 10 seconds.